 Dungeon Crawl Stone Soup version 0.22-a0-181-gb22368a (webtiles) character file.

1100 mhoghedin the Ducker (level 8, 0/67 HPs)
             Began as a Gnoll Monk on Feb 14, 2018.
             Slain by a centaur (9 damage)
             ... on level 5 of the Dungeon.
             The game lasted 00:08:04 (4845 turns).

mhoghedin the Ducker (Gnoll Monk)                   Turns: 4845, Time: 00:08:05

Health: 0/67       AC:  6    Str: 16    XL:     8   Next: 32%
Magic:  12/12      EV: 17    Int: 13    God:
Gold:   193        SH:  0    Dex: 17    Spells: 13/13 levels left

rFire    . . .     SeeInvis .   g - +2 spear (pierce)
rCold    . . .     Gourm    .   (no shield)
rNeg     . . .     Faith    +   b - +0 robe
rPois    .         Spirit   .   (no helmet)
rElec    .         Reflect  .   r - +0 cloak
rCorr    .         Harm     .   e - +2 pair of gloves
MR       .....                  (no boots)
Stlth    +++.......             q - amulet of faith {Faith, !P}
HPRegen  0.21/turn              (no ring)
MPRegen  0.13/turn              (no ring)

@: no status effects
A: distributed training, fangs 1, strong nose
a: no special abilities


You were on level 5 of the Dungeon.
You were not hungry.

You visited 1 branch of the dungeon, and saw 5 of its levels.

You collected 193 gold pieces.

Inventory:

Hand Weapons
 a - a +0 falchion
 g - a +2 spear of piercing (weapon)
   (You took it off a gnoll on level 2 of the Dungeon)
 i - a +0 short sword of holy wrath
   (You found it on level 1 of the Dungeon)
Missiles
 m - a throwing net {=f, !d}
 o - a javelin (quivered)
Armour
 b - a +0 robe (worn)
 e - a +2 pair of gloves (worn)
   (You found it on level 1 of the Dungeon)
 r - a +0 cloak (worn)
   (You found it on level 3 of the Dungeon)
Jewellery
 q - an amulet of faith (around neck) {Faith, !P}
   (You found it on level 3 of the Dungeon)
Scrolls
 d - a scroll of teleportation
 f - 3 scrolls of immolation {!r}
 j - a scroll of remove curse
 n - a scroll of enchant armour {unknown}
Potions
 k - a potion of curing
 p - a potion of agility {unknown}
 s - a potion of resistance {unknown}
Comestibles
 c - 12 rations


   Skills:
 + Level 7.3 Fighting
 + Level 3.1 Short Blades
 + Level 7.3 Long Blades
 + Level 3.1 Axes
 + Level 3.1 Maces & Flails
 + Level 3.1 Polearms
 + Level 3.1 Staves
 + Level 3.1 Slings
 + Level 3.1 Bows
 + Level 3.1 Crossbows
 + Level 3.1 Throwing
 + Level 3.1 Armour
 + Level 7.3 Dodging
 + Level 5.2 Stealth
 + Level 3.1 Shields
 + Level 3.1 Unarmed Combat
 + Level 3.1 Spellcasting
 + Level 2.5 Conjurations
 + Level 2.5 Hexes
 + Level 2.5 Charms
 + Level 2.5 Summonings
 + Level 2.5 Necromancy
 + Level 2.5 Translocations
 + Level 2.5 Transmutations
 + Level 2.5 Fire Magic
 + Level 2.5 Ice Magic
 + Level 2.5 Air Magic
 + Level 2.5 Earth Magic
 + Level 2.5 Poison Magic
 + Level 3.4 Invocations
 + Level 3.1 Evocations


You had 13 spell levels left.
You didn't know any spells.

Dungeon Overview and Level Annotations

Branches:
Dungeon (5/15)
 Temple: D:4-7

Altars:
Hepliaklqana
Nemelex Xobeh
The Shining One


Innate Abilities, Weirdness & Mutations

Your experience applies equally to all skills.
You have very sharp teeth.
Your uncanny sense of smell can sniff out nearby items.


Message History

The black bear completely misses you.
You take 1 damage, and have 33/67 hp.
Attack whom?
Aim: a black bear (almost dead, berserk, fast, unusually strong)
You hit the black bear.
You bite the black bear, but do no damage.
The black bear closely misses you. The black bear misses you.
The black bear claws you. The crimson imp closely misses you.
You take 3 damage, and have 30/67 hp.
Attack whom?
Aim: a black bear (almost dead, berserk, fast, unusually strong)
You hit the black bear. The black bear bites you. The black bear misses you. x2
The crimson imp closely misses you. The black bear bites you!
* * * LOW HITPOINT WARNING * * *
The black bear barely misses you. The black bear misses you.
You take 14 damage, and have 16/67 hp.
MASSIVE DAMAGE!!
Okay, then.
Unknown command.
The black bear rages.
The crimson imp blinks!
The black bear completely misses you. The black bear barely misses you. x2
You feel much better. The black bear bites you!
* * * LOW HITPOINT WARNING * * *
The black bear closely misses you.
The black bear claws you but does no damage.
The black bear completely misses you. The black bear barely misses you.
The black bear misses you.
You regained 2 hp, and now have 19/67 hp.
As you read the scroll of teleportation, it crumbles to dust.
You feel strangely unstable. The black bear completely misses you.
The black bear closely misses you. The black bear misses you.
The crimson imp misses you.
Unknown command.
The black bear misses you. x3
The crimson imp shouts, "Get thee hence, thou dissembling common-kissing maggot-pie!"
The black bear closely misses you. x2
The black bear claws you but does no damage.
Your surroundings suddenly seem different.
You start resting.
You are feeling very hungry.
You regained 31 hp, and now have 51/67 hp.
Unknown command.
You eat one of the 13 rations.
That ration really hit the spot!
You start resting.
Health restored: 67 You found a shaft!
There is a shaft here.
You open the gate.
Found three stone staircases leading down.
There is an open gate here.
d - a scroll of teleportation
There is an open gate here.
A centaur comes into view.
You see here a ration.
A centaur is nearby!
An ice beast comes into view.
A dart slug comes into view.
The centaur shouts!
The centaur wields a shortbow.
The centaur shoots an arrow.
The arrow hits you!
The centaur shoots an arrow.
The arrow hits you!
You hear a shout!
You see here 2 arrows.
You take 18 damage, and have 49/67 hp.
MASSIVE DAMAGE!!
You hear a shout!
The centaur shoots an arrow.
The arrow hits you!
You see here an arrow.
You take 15 damage, and have 34/67 hp.
MASSIVE DAMAGE!!
As you read the scroll of fear, it crumbles to dust.
You assume a fearsome visage.
The centaur looks frightened!
The dart slug looks frightened!
The ice beast looks frightened!
The centaur cowers, then darts away.
Cornered, the centaur turns to fight!
The centaur shoots an arrow.
The arrow completely misses you.
The centaur shoots an arrow.
The arrow hits you!
You take 9 damage, and have 26/67 hp.
The centaur shoots an arrow.
The arrow misses you.
You see here an arrow.
The centaur shoots an arrow.
The arrow hits you.
You see here an arrow.
You take 6 damage, and have 21/67 hp.
The centaur shoots an arrow.
The arrow hits you!
* * * LOW HITPOINT WARNING * * *
You see here an arrow.
You take 14 damage, and have 8/67 hp.
MASSIVE DAMAGE!!
Okay, then.
Unknown command.
Unknown command.
Unknown command.
The centaur shoots an arrow.
The arrow hits you but does no damage.
The crimson imp blinks!
You see here an arrow.
The centaur shoots an arrow.
The arrow barely misses you.
The centaur shoots an arrow.
The arrow barely misses you.
The centaur unwields an uncursed shortbow.
The centaur hits you!
You die...

..# #...#+#5....##### ..#
#...............# ..#
#...............# ..#
#######(........# .>####
##...........# .....######
##..#####.....+
..........#
#..##...##....#
.<##.####.#
#c##≈...≈##...# ...#.# #.#
#@#≈.>.>.≈#...# #..#.# #.#
#.#≈.....≈# .. #..#.# #.#
#(#≈..>..≈#
####.####.######(##≈...≈##
...............^(.##...##
#########.#######..#'''#
..........# ##.....# ∆
########### #######


You could see a centaur.

Vanquished Creatures
  The ghost of mhoghedin the Ducker, a novice GnMo of Trog (D:5)
  Menkaure (D:5)
  A sky beast (D:4)
  An ogre (D:4)
  A centaur (D:5)
  A hound (D:5)
  2 bullfrog skeletons
  A jelly (D:4)
  Crazy Yiuf (D:4)
  2 orc wizards (D:3)
  3 gnolls (D:2)
  7 adders
  A shadow imp (D:5)
  An adder zombie (D:5)
  2 worms (D:2)
  An adder skeleton (D:4)
  A dart slug (D:3)
  8 leopard geckos
  9 orcs
  A ball python (D:4)
  3 giant cockroaches
  7 goblins
  8 hobgoblins
  7 jackals (D:1)
  4 quokkas
  4 bats
  4 frilled lizards
  A giant cockroach zombie (D:5)
  8 kobolds
  A leopard gecko zombie (D:5)
  A quokka skeleton (D:5)
  7 rats
101 creatures vanquished.

Notes
Turn   | Place    | Note
-------+----------+-------------------------------------------
     0 | D:1      | mhoghedin the Gnoll Monk began the quest for the Orb.
     0 | D:1      | Reached XP level 1. HP: 23/23 MP: 1/1
   133 | D:1      | Reached XP level 2. HP: 16/29 MP: 2/2
   143 | D:1      | HP: 7/29 [jackal (1)]
  1016 | D:2      | Reached XP level 3. HP: 35/35 MP: 3/3
  1158 | D:2      | Found a sparkling altar of Nemelex Xobeh.
  1477 | D:2      | Reached skill level 1 in Invocations
  1536 | D:2      | Reached skill level 1 in Short Blades
  1536 | D:2      | Reached skill level 1 in Axes
  1536 | D:2      | Reached skill level 1 in Maces & Flails
  1536 | D:2      | Reached skill level 1 in Polearms
  1536 | D:2      | Reached skill level 1 in Staves
  1536 | D:2      | Reached skill level 1 in Slings
  1536 | D:2      | Reached skill level 1 in Bows
  1536 | D:2      | Reached skill level 1 in Crossbows
  1536 | D:2      | Reached skill level 1 in Throwing
  1536 | D:2      | Reached skill level 1 in Armour
  1536 | D:2      | Reached skill level 1 in Shields
  1536 | D:2      | Reached skill level 1 in Unarmed Combat
  1536 | D:2      | Reached skill level 1 in Spellcasting
  1536 | D:2      | Reached skill level 1 in Evocations
  1536 | D:2      | Reached XP level 4. HP: 30/41 MP: 5/5
  1547 | D:2      | HP: 8/41 [gnoll/spear of piercing (3)]
  2145 | D:3      | Reached skill level 1 in Conjurations
  2145 | D:3      | Reached skill level 1 in Hexes
  2145 | D:3      | Reached skill level 1 in Charms
  2145 | D:3      | Reached skill level 1 in Summonings
  2145 | D:3      | Reached skill level 1 in Necromancy
  2145 | D:3      | Reached skill level 1 in Translocations
  2145 | D:3      | Reached skill level 1 in Transmutations
  2145 | D:3      | Reached skill level 1 in Fire Magic
  2145 | D:3      | Reached skill level 1 in Ice Magic
  2145 | D:3      | Reached skill level 1 in Air Magic
  2145 | D:3      | Reached skill level 1 in Earth Magic
  2145 | D:3      | Reached skill level 1 in Poison Magic
  2197 | D:3      | Found a hazy altar of Hepliaklqana.
  2276 | D:3      | Reached XP level 5. HP: 44/47 MP: 6/6
  2679 | D:3      | Reached skill level 2 in Invocations
  2679 | D:3      | Reached XP level 6. HP: 36/53 MP: 8/8
  2793 | D:3      | Found a glowing golden altar of the Shining One.
  3225 | D:4      | Reached skill level 2 in Short Blades
  3225 | D:4      | Reached skill level 2 in Axes
  3225 | D:4      | Reached skill level 2 in Maces & Flails
  3225 | D:4      | Reached skill level 2 in Polearms
  3225 | D:4      | Reached skill level 2 in Staves
  3225 | D:4      | Reached skill level 2 in Slings
  3225 | D:4      | Reached skill level 2 in Bows
  3225 | D:4      | Reached skill level 2 in Crossbows
  3225 | D:4      | Reached skill level 2 in Throwing
  3225 | D:4      | Reached skill level 2 in Armour
  3225 | D:4      | Reached skill level 2 in Shields
  3225 | D:4      | Reached skill level 2 in Unarmed Combat
  3225 | D:4      | Reached skill level 2 in Spellcasting
  3225 | D:4      | Reached skill level 2 in Evocations
  3823 | D:4      | Found a runed door.
  3827 | D:4      | Noticed Crazy Yiuf
  3835 | D:4      | Killed Crazy Yiuf
  3882 | D:5      | Entered Level 5 of the Dungeon
  3891 | D:5      | Noticed a sky beast
  3891 | D:5      | Noticed Menkaure
  3932 | D:4      | Killed a sky beast
  3932 | D:4      | Reached skill level 7 in Fighting
  3932 | D:4      | Reached skill level 7 in Long Blades
  3932 | D:4      | Reached skill level 7 in Dodging
  3932 | D:4      | Reached XP level 7. HP: 58/60 MP: 10/10
  4099 | D:5      | Killed Menkaure
  4099 | D:5      | Reached skill level 2 in Conjurations
  4099 | D:5      | Reached skill level 2 in Hexes
  4099 | D:5      | Reached skill level 2 in Charms
  4099 | D:5      | Reached skill level 2 in Summonings
  4099 | D:5      | Reached skill level 2 in Necromancy
  4099 | D:5      | Reached skill level 2 in Translocations
  4099 | D:5      | Reached skill level 2 in Transmutations
  4099 | D:5      | Reached skill level 2 in Fire Magic
  4099 | D:5      | Reached skill level 2 in Ice Magic
  4099 | D:5      | Reached skill level 2 in Air Magic
  4099 | D:5      | Reached skill level 2 in Earth Magic
  4099 | D:5      | Reached skill level 2 in Poison Magic
  4142 | D:5      | Noticed mhoghedin's ghost (novice GnMo)
  4266 | D:5      | Killed mhoghedin's ghost
  4266 | D:5      | Reached skill level 3 in Short Blades
  4266 | D:5      | Reached skill level 3 in Axes
  4266 | D:5      | Reached skill level 3 in Maces & Flails
  4266 | D:5      | Reached skill level 3 in Polearms
  4266 | D:5      | Reached skill level 3 in Staves
  4266 | D:5      | Reached skill level 3 in Slings
  4266 | D:5      | Reached skill level 3 in Bows
  4266 | D:5      | Reached skill level 3 in Crossbows
  4266 | D:5      | Reached skill level 3 in Throwing
  4266 | D:5      | Reached skill level 3 in Armour
  4266 | D:5      | Reached skill level 5 in Stealth
  4266 | D:5      | Reached skill level 3 in Shields
  4266 | D:5      | Reached skill level 3 in Unarmed Combat
  4266 | D:5      | Reached skill level 3 in Spellcasting
  4266 | D:5      | Reached skill level 3 in Invocations
  4266 | D:5      | Reached skill level 3 in Evocations
  4266 | D:5      | Reached XP level 8. HP: 34/67 MP: 10/12
  4551 | D:5      | HP: 16/67 [black bear (12)]
  4842 | D:5      | HP: 8/67 [centaur/arrow (14)]
  4845 | D:5      | Slain by a centaur

Vault maps used:
D:1:      tarquinn_simple_flora_water_a
D:2:      nemelex_xobeh_ov_fountains_minmay, minmay_misc_feat_columns
D:3:      lemuel_doored_altar, old_standard_altar, first_ration
D:4:      serial_column_ruins, column_ruins_open_small,
          column_ruins_open_small_water, column_ruins_open_small,
          column_ruins_open_tiny, column_ruins_open_small, eino_tiny_chamber,
          uniq_crazy_yiuf_cottage
D:5:      cheibrodos_quashed, kennysheep_mini_moat, kennysheep_windowed_goal,
          uniq_menkaure, uniq_eustachio

Skill      XL: |  1  2  3  4  5  6  7 |
---------------+----------------------+-----
Invocations    | 1 2 3 |  3.4
Short Blades   | 1 2 3 |  3.1
Axes           | 1 2 3 |  3.1
Maces & Flails | 1 2 3 |  3.1
Polearms       | 1 2 3 |  3.1
Staves         | 1 2 3 |  3.1
Slings         | 1 2 3 |  3.1
Bows           | 1 2 3 |  3.1
Crossbows      | 1 2 3 |  3.1
Throwing       | 1 2 3 |  3.1
Armour         | 1 2 3 |  3.1
Shields        | 1 2 3 |  3.1
Unarmed Combat | 1 2 3 |  3.1
Spellcasting   | 1 2 3 |  3.1
Evocations     | 1 2 3 |  3.1
Conjurations   | 1 2 |  2.5
Hexes          | 1 2 |  2.5
Charms         | 1 2 |  2.5
Summonings     | 1 2 |  2.5
Necromancy     | 1 2 |  2.5
Translocations | 1 2 |  2.5
Transmutations | 1 2 |  2.5
Fire Magic     | 1 2 |  2.5
Ice Magic      | 1 2 |  2.5
Air Magic      | 1 2 |  2.5
Earth Magic    | 1 2 |  2.5
Poison Magic   | 1 2 |  2.5
Fighting       | 7 |  7.3
Long Blades    | 7 |  7.3
Dodging        | 7 |  7.3
Stealth        | 5 |  5.2

Action                   |  1- 3 |  4- 6 |  7- 9 || total
-------------------------+-------+-------+-------++-------
Melee: Falchion          |    95 |    10 |       ||   105
       Bite              |     9 |    18 |    10 ||    37
       Spear             |       |   181 |    89 ||   270
       Punch             |       |     2 |     1 ||     3
Throw: Javelin           |     6 |       |     2 ||     8
  Use: Potion            |       |     3 |     1 ||     4
       Scroll            |       |     6 |     2 ||     8
 Stab: Sleeping          |     6 |    11 |     1 ||    18
       Distracted        |       |     1 |     1 ||     2
  Eat: Chunk             |     1 |     5 |     2 ||     8
       Ration            |       |     1 |     1 ||     2
Armor: Robe              |    13 |    18 |    18 ||    49
Dodge: Dodged            |    80 |   125 |    85 ||   290
       Rpst.: Falchion   |    26 |     2 |       ||    28

Table legend:
 A = Spawn XP
 B = Non-spawn XP
 C = Spawn XP percentage of total XP
 D = Spawn monster count
 E = Non-spawn monster count
 F = Spawn count percentage of total count
 G = Total turns spent on level
                    A         B        C        D         E        F      G
               +---------+---------+-------+---------+---------+-------+---------
         Total |       0 |    1572 |   0.0 |       0 |     101 |   0.0 |  4845
               +---------+---------+-------+---------+---------+-------+---------
           D:1 |       0 |      32 |   0.0 |       0 |      17 |   0.0 |   992
           D:2 |       0 |     100 |   0.0 |       0 |      25 |   0.0 |  1152
           D:3 |       0 |     212 |   0.0 |       0 |      34 |   0.0 |   801
           D:4 |       0 |     424 |   0.0 |       0 |      12 |   0.0 |  1095
           D:5 |       0 |     804 |   0.0 |       0 |      13 |   0.0 |   805
               +---------+---------+-------+---------+---------+-------+---------

Vault maps used:
D:1:      tarquinn_simple_flora_water_a
D:2:      nemelex_xobeh_ov_fountains_minmay, minmay_misc_feat_columns
D:3:      lemuel_doored_altar, old_standard_altar, first_ration
D:4:      serial_column_ruins, column_ruins_open_small,
          column_ruins_open_small_water, column_ruins_open_small,
          column_ruins_open_tiny, column_ruins_open_small, eino_tiny_chamber,
          uniq_crazy_yiuf_cottage
D:5:      cheibrodos_quashed, kennysheep_mini_moat, kennysheep_windowed_goal,
          uniq_menkaure, uniq_eustachio

Table legend:
 A = Turns spent in this place as a percentage of turns spent in the entire game.
 B = Non-inter-level travel turns spent in this place as a percentage of non-inter-level travel turns spent in the entire game.
 C = Inter-level travel turns spent in this place as a percentage of turns spent in this place.
 D = Turns resting spent in this place as a percentage of non-inter-level travel turns spent in this place.
 E = Turns spent auto-exploring this place as a percentage of non-inter-level travel turns spent in this place.
 F = Non-inter-level travel turns spent in this place divided by the number of levels of this place that you've seen.
                   A       B       C       D       E      F
               +-------+-------+-------+-------+-------+----------------------
         Total | 100.0 | 100.0 |   2.7 |  28.3 |  50.5 | 943.2
       Dungeon | 100.0 | 100.0 |   2.7 |  28.3 |  50.5 | 943.2
               +-------+-------+-------+-------+-------+----------------------

Table legend:
 A = Kills in this place as a percentage of kills in entire the game.
 B = Kills by you in this place as a percentage of kills by you in the entire game.
 C = Kills by friends in this place as a percentage of kills by friends in the entire game.
 D = Other kills in this place as a percentage of other kills in the entire game.
 E = Experience gained in this place as a percentage of experience gained in the entire game.
 F = Experience gained in this place divided by the number of levels of this place that you have seen.
                   A       B       C       D       E      F
               +-------+-------+-------+-------+-------+----------------------
         Total | 100.0 | 100.0 |   N/A |   N/A | 100.0 | 314.4
       Dungeon | 100.0 | 100.0 |   N/A |   N/A | 100.0 | 314.4
               +-------+-------+-------+-------+-------+----------------------
